 Dungeon Crawl Stone Soup version 0.30-a0-728-gc68057be0a (webtiles) character file.

Game seed: 5987183142144905363

56 IdlyInterested the Cutter (level 3, 0/27 HPs)
             Began as a Demonspawn Gladiator on Jan 31, 2023.
             Slain by an orc
             ... wielding a +0 whip
              (3 damage)
             ... on level 3 of the Dungeon.
             The game lasted 00:06:04 (2059 turns).

IdlyInterested the Cutter (Demonspawn Gladiator)    Turns: 2059, Time: 00:06:04

Health: 0/27       AC:  6    Str: 14    XL:     3   Next: 71%
Magic:  3/3        EV: 12    Int:  9    God:
Gold:   133        SH:  0    Dex: 20    Spells: 2/2 levels left

rFire   + . .      SeeInvis .    i - +9 hand axe "Woetes" {drain, rElec rF+ rN+ Dex+4 Stlth-}
rCold   . . .      Faith    .    (no shield)
rNeg    + . .      Spirit   .    k - +0 ring mail
rPois   .          Reflect  .    c - +0 helmet
rElec   +          Harm     .    (no cloak)
rCorr   .          Rampage  .    (no gloves)
Will    .....                    (no boots) Stlth
                                 (no amulet)
HPRegen 0.24/turn                (no ring)
MPRegen 0.08/turn                (no ring)

@: no status effects
A: powered by death 1, sturdy frame 1
a: no special abilities


You were on level 3 of the Dungeon.
You visited 1 branch of the dungeon, and saw 3 of its levels.

You collected 133 gold pieces.

Inventory:

Hand Weapons
 a - a +0 rapier
 i - the +9 hand axe "Woetes" (weapon) {drain, rElec rF+ rN+ Dex+4 Stlth-}
   (You found it on level 2 of the Dungeon)

   Dex:       It affects your dexterity (+4).
   rF:        It protects you from fire.
   rElec:     It insulates you from electricity.
   rN:        It protects you from negative energy.
   Stlth:     It makes you less stealthy.
Missiles
 d - 3 throwing nets
 e - a javelin
 l - 21 stones (quivered)
Armour
 b - a +0 leather armour
 c - a +0 helmet (worn)
 k - a +0 ring mail (worn)
 m - a +0 helmet
 o - a +0 helmet
Magical Staves
 n - a staff of cold
Scrolls
 g - a scroll of blinking
 j - 2 scrolls of teleportation
Potions
 f - a potion of brilliance
 h - a potion of mutation
 p - a potion of flight
 q - a potion of berserk rage {unknown}


   Skills:
 - Level 2.0 Fighting
 * Level 4.3 Short Blades
 - Level 1.7 Throwing
 - Level 2.6 Dodging


You had 2 spell levels left.
You didn't know any spells.
Your spell library contained the following spells:

 Spells                   Type           Power      Damage    Failure   Level
 Shock                    Conj/Air       0%         1d3       52%         1
 Gell's Gravitas          Tloc           0%         N/A       87%         3
 Kindle Blastsparks       Fire/Tloc/Air  0%         2d10      87%         3
 Swiftness                Air            0%         N/A       87%         3
 Airstrike                Air            0%         2d(0-16)  99%         4
 Iskenderun's Mystic Bla  Conj/Tloc      0%         2d3       99%         4
 Fireball                 Conj/Fire      0%         3d3       100%        5


Dungeon Overview and Level Annotations

Branches:
Dungeon (3/15)

Altars:
Xom


Innate Abilities, Weirdness & Mutations

You regenerate a little health from kills.
Your movements are slightly less encumbered by armour. (ER -2)


Message History

The orc shouts!
You hear a shout!
An orc comes into view. It is wielding a +0 hand axe.
An orc comes into view. It is wielding a +0 flail.
The orc shouts!
An orc priest comes into view. It is wielding a +0 mace.
An orc comes into view. It is wielding a +0 whip.
The orc priest shouts!
An orc comes into view.
It is wielding a +0 mace. 2 orcs come into view.
Found a scroll of identify.
The orc shouts! x2; You hear a shout!
The orc hits you with a +0 dagger.
You slash the orc!
You kill the orc!
You hit the orc. You drain the orc.
A bat comes into view.
The orc closely misses you.
The orc drinks a potion.
The orc flickers and vanishes!
Deactivating autopickup; reactivate with Ctrl-A.
The bat moves out of view.
You hit the orc.
The orc is moderately wounded.
You hit the orc.
You kill the orc!
An orc comes into view. It is wielding a +0 hand axe.
The orc closely misses you.
The orc priest looks braver for a moment.
You completely miss the orc.
The orc is moderately wounded.
An orc wizard comes into view. It is wielding a +0 dagger.
The orc closely misses you.
The orc priest invokes the aid of Beogh against you.
Beogh smites you!
The orc priest calls down the wrath of Beogh upon you.
Beogh smites you!
* * * LOW HITPOINT WARNING * * *
The orc hits you but does no damage. Something hits you.
* * * LOW HITPOINT WARNING * * *
The orc hits you with a +0 whip.
You die...

####.### #.........†.
+......######..........#
#........'..........#
####...######...........
.........## #...........
####.#.#..#########+####.
#.#.#....# #.####. .
#.#.##..# #...... # #.#@#
#.# ####### ..?.oo.oo.#.#
....#..o..# # ### .o
#..o..# ##.. #...... #..#
##...... ##.## #.......
#..## ##....... ##....
#.....


You could see an orc priest, an orc wizard and 5 orcs.

Vanquished Creatures
  A worm (D:3)
  2 orcs (D:3)
  5 bats
  3 endoplasms
  3 giant cockroaches
  3 goblins (D:1)
  5 hobgoblins
  4 quokkas
  6 ball pythons
  3 frilled lizards
  4 kobolds
  10 rats
  3 bushes (D:1)
52 creatures vanquished.

Vanquished Creatures (others)
  2 plants (D:1)
2 creatures vanquished.

Grand Total: 54 creatures vanquished

Notes
Turn   | Place    | Note
-------+----------+-------------------------------------------
     0 | D:1      | IdlyInterested the Demonspawn Gladiator began the quest for
                  | the Orb.
     0 | D:1      | Reached XP level 1. HP: 16/16 MP: 1/1
   158 | D:1      | Reached skill level 3 in Short Blades
   215 | D:1      | Found a faded altar of an unknown god.
   230 | D:1      | Gained mutation: You regenerate a little health from kills.
                  | [demonic ancestry]
   230 | D:1      | Reached XP level 2. HP: 21/22 MP: 2/2
   303 | D:1      | You fall into a shaft and drop 1 floor!
   329 | D:2      | Identified the +9 hand axe "Woetes" {drain, rElec rF+ rN+
                  | Dex+4 Stlth-}
   601 | D:1      | Got the Octavo of the Dragon and Portals
   656 | D:1      | Gained mutation: Your movements are slightly less
                  | encumbered by armour. (ER -2) [demonic ancestry]
   656 | D:1      | Reached XP level 3. HP: 27/27 MP: 3/3
  1537 | D:2      | Reached skill level 4 in Short Blades
  1683 | D:3      | Found a shimmering altar of Xom.
  1686 | D:3      | Found a shimmering altar of Xom.
  2059 | D:3      | Slain by an orc

Illustrated notes

Levels and vault maps discovered:
D:1:      zaba_arrival_water, layout_rooms, serial_forest,
          infiniplex_forest_3_way, infiniplex_forest_lined_room_,
          infiniplex_forest_lined_2, infiniplex_forest_lined_2,
          infiniplex_forest_pool, infiniplex_forest_clump_tiny,
          infiniplex_forest_straight_4, infiniplex_forest_corner_1,
          ebering_ecumenical_altar_rust, hangedman_decor_push,
          chequers_serial_rivers_micro_c
D:2:      layout_basic, feat_on_display
D:3:      layout_basic, nicolae_ru_the_path_less_chosen, xom_redecorated,
          minmay_joined_circles

Skill      XL: |  1  2  3 |
---------------+----------+-----
Short Blades   | 3 4 |  4.3
Fighting       | |  2.0
Throwing       | |  1.7
Dodging        | |  2.6

Action                     || total
---------------------------++-------
  Melee: Rapier            ||    44
         Hand axe          ||   147
    Use: Scroll            ||     3
         Potion            ||     2
 Armour: Leather armour    ||    23
         Ring mail         ||    11
  Dodge: Dodged            ||    67

Table legend: (Time is in decaauts)
 A = Elapsed time spent in this place.
 B = Non-inter-level travel time spent in this place.
 C = Inter-level travel time spent in this place.
 D = Time resting spent in this place.
 E = Time spent auto-exploring this place.
 F = Levels seen in this place.
 G = Mean time per level.
                   A        B        C        D        E       F      G
               +--------+--------+--------+--------+--------+-----+--------+
         Total |   2112 |   1680 |    432 |    108 |   1000 |   3 |  704.0 |
       Dungeon |   2112 |   1680 |    432 |    108 |   1000 |   3 |  704.0 |
               +--------+--------+--------+--------+--------+-----+--------+

Top non-repeatable levels by time:
     D:1: 1243 daAuts
     D:2: 591 daAuts
     D:3: 277 daAuts
